 Dungeon Crawl Stone Soup version 0.16-a0-2622-gbfab2ba (console) character file.

387 nht the Cleaver (level 6, -5/76 HPs)
             Began as a Minotaur Berserker on Nov 22, 2014.
             Was a Priest of Trog.
             Slain by RobertPalmer's ghost (6 damage)
             ... on level 4 of the Dungeon.
             The game lasted 00:02:37 (2493 turns).

nht the Cleaver (Minotaur Berserker)                Turns: 2493, Time: 00:02:37

Health: -5/76      AC:  2    Str: 29    XL:     6   Next: 49%
Magic:  3/3        EV: 12    Int:  4    God:    Trog [***...]
Gold:   172        SH:  0    Dex:  9    Spells: 0 memorised, 5 levels left

rFire  . . .     SeeInvis .     a - +0 hand axe
rCold  . . .     Clarity  .     b - +0 animal skin
rNeg   . . .     SustAb   .     (no shield)
rPois  .         Gourm    .     (helmet restricted)
rElec  .         Spirit   .     (no cloak)
rCorr  .         Warding  .     (no gloves)
rMut   .         Stasis   .     (no boots)
MR     .....                    (no amulet)
Stlth  ..........               (no ring)
                                (no ring)

@: berserking, lethally poisoned, very quick, not resistant to hostile
enchantments, extremely unstealthy
A: retaliatory headbutt, horns 2
a: Burn Spellbooks, Berserk, Trog's Hand, Renounce Religion


You were on level 4 of the Dungeon.
You worshipped Trog.
Trog was most pleased with you.
You were not hungry.

You visited 1 branch of the dungeon, and saw 5 of its levels.

You collected 172 gold pieces.

Inventory:

Hand weapons
 a - a +0 hand axe (weapon)
Armour
 b - a +0 animal skin (worn)
Magical devices
 r - a wand of draining (5)
Scrolls
 e - a scroll of fog {unknown}
 f - 3 scrolls of remove curse {unknown}
 h - a scroll of fear {unknown}
 i - a scroll of teleportation {unknown}
 k - a scroll of random uselessness {unknown}
 m - a scroll of magic mapping {unknown}
 n - a scroll of enchant armour {unknown}
 q - a scroll of identify {unknown}
 t - a scroll of amnesia {unknown}
Potions
 g - a potion of curing {unknown}
 j - 2 potions of cure mutation {unknown}
 p - 2 potions of confusion {unknown}
 s - 2 potions of might {unknown}
Comestibles
 c - 4 bread rations
 d - 4 beef jerkies
 o - a meat ration


   Skills:
 - Level 3.6 Fighting
 + Level 8.9 Axes
 - Level 2.4 Armour
 - Level 2.1 Dodging


You had 5 spell levels left.
You didn't know any spells.

Dungeon Overview and Level Annotations

Branches:
Dungeon (5/15)
 Temple: D:4-7

Altars:
Elyvilon
Fedhas

Annotations:
D:4 RobertPalmer's ghost, average OpIE


Innate Abilities, Weirdness & Mutations

You reflexively headbutt those who attack you in melee.
You have a pair of horns on your head.


Message History

Trog accepts your kill.
You barely miss RobertPalmer's ghost.
Your headbutt misses RobertPalmer's ghost.
RobertPalmer's ghost is moderately damaged.
RobertPalmer's ghost misses you.
You miss RobertPalmer's ghost.
Your headbutt misses RobertPalmer's ghost.
RobertPalmer's ghost is moderately damaged.
* * * LOW HITPOINT WARNING * * *
You feel sick.
You closely miss RobertPalmer's ghost.
Your headbutt misses RobertPalmer's ghost.
RobertPalmer's ghost is moderately damaged.
RobertPalmer's ghost misses you.
Unknown command.
Unknown command.
You barely miss RobertPalmer's ghost.
RobertPalmer's ghost is moderately damaged.
RobertPalmer's ghost hits you.
You die...

.. .█ . .█ ..[
.█...█ .█..██
███.....█.
███..........
█...........█
█............
██...........
██..@W........
█
██.█...........
██
██.██..........
.█
██.███████....█
.██ ██.██


█████ ..██ ██.██ █..█ ███.██ █..███..██ ██..█...█ ██....██ █...██ You could see
RobertPalmer's ghost.

Vanquished Creatures
  A phantom (D:4)
  Sigmund (D:2)
  A scorpion (D:4)
  2 orc wizards (D:3)
  4 adders
  2 worms (D:2)
  3 giant geckos
  An ooze (D:2)
  5 orcs (D:3)
  4 bats
  4 giant cockroaches
  7 hobgoblins
  4 giant newts
  12 goblins
  10 kobolds
  6 rats
67 creatures vanquished.

Notes
Turn   | Place    | Note
--------------------------------------------------------------
     0 | D:1      | nht, the Minotaur Berserker, began the quest for the Orb.
     0 | D:1      | Reached XP level 1. HP: 19/19 MP: 1/1
    83 | D:1      | Reached skill level 4 in Axes
   164 | D:1      | Reached XP level 2. HP: 15/26 MP: 1/1
   781 | D:2      | Acquired Trog's second power
   781 | D:2      | Reached skill level 5 in Axes
   803 | D:2      | Noticed Sigmund
   810 | D:2      | Killed Sigmund
   810 | D:2      | Reached skill level 6 in Axes
   810 | D:2      | Reached XP level 3. HP: 22/31 MP: 2/2
   810 | D:2      | Reached XP level 4. HP: 27/39 MP: 2/2
  1419 | D:2      | Found a blossoming altar of Fedhas.
  1547 | D:3      | Reached skill level 7 in Axes
  1547 | D:3      | Reached XP level 5. HP: 25/45 MP: 2/2
  1662 | D:3      | Found a white marble altar of Elyvilon.
  2203 | D:4      | Reached skill level 8 in Axes
  2439 | D:4      | Noticed a phantom
  2444 | D:4      | Killed a phantom
  2444 | D:4      | Reached XP level 6. HP: 51/51 MP: 3/3
  2457 | D:4      | Noticed RobertPalmer's ghost (average OpIE)
  2462 | D:5      | Entered Level 5 of the Dungeon
  2488 | D:4      | HP: 1/76 [RobertPalmer's ghost (3)]
  2493 | D:4      | Slain by RobertPalmer's ghost

Action                   |  1- 3 |  4- 6 || total
-------------------------+-------+-------++-------
Melee: Hand axe          |    46 |   113 ||   159
Invok: Berserk           |     1 |     3 ||     4
  Eat: Chunk             |       |     6 ||     6
       Royal jelly       |       |     1 ||     1
